 Dungeon Crawl Stone Soup version 0.30-a0-12-gd8047c6341 (webtiles) character file.

Game seed: 4936749502500804711

301 SensoryNuts the Chopper (level 6, -6/56 HPs)
             Began as a Hill Orc Fighter on Aug 24, 2022.
             Killed by divine providence
             ... invoked by an orc priest
              (12 damage)
             ... on level 3 of the Dungeon.
             The game lasted 00:03:12 (3002 turns).

SensoryNuts the Chopper (Hill Orc Fighter)          Turns: 3002, Time: 00:03:13

Health: -6/56      AC:  7    Str: 19    XL:     6   Next: 37%
Magic:  6/6        EV:  9    Int:  8    God:
Gold:   133        SH:  4    Dex: 12    Spells: 5/5 levels left

rFire   . . .      SeeInvis .    a - +0 war axe
rCold   . . .      Faith    .    c - +0 buckler
rNeg    . . .      Spirit   .    b - +0 scale mail
rPois   +          Reflect  .    (no helmet)
rElec   .          Harm     .    (no cloak)
rCorr   .          Rampage  .    (no gloves)
Will    .....                    (no boots)
Stlth   ..........               (no amulet)
HPRegen 0.18/turn                l - ring of poison resistance
MPRegen 0.10/turn                (no ring)

@: no status effects
A: no striking features
a: Convert to Beogh


You were on level 3 of the Dungeon.
You visited 1 branch of the dungeon, and saw 4 of its levels.

You collected 133 gold pieces.

Inventory:

Hand Weapons
 a - a +0 war axe (weapon)
Armour
 b - a +0 scale mail (worn)
 c - a +0 buckler (worn)
Jewellery
 l - a ring of poison resistance (left hand)
Scrolls
 f - a scroll of blinking {unknown}
 g - a scroll of silence {unknown}
 h - a scroll of vulnerability {unknown}
 j - 3 scrolls of identify {unknown}
 k - a scroll of enchant armour {unknown}
 n - a scroll of teleportation {unknown}
Potions
 d - a potion of might
 e - a potion of heal wounds {unknown}
 i - 2 potions of curing {unknown}
 m - 2 potions of lignification {unknown}
 o - a potion of flight {unknown}


   Skills:
 + Level 5.1 Fighting
 + Level 5.7 Axes
 + Level 4.4 Armour
 + Level 1.4 Dodging
 + Level 3.6 Shields


You had 5 spell levels left.
You didn't know any spells.
Your spell library contained the following spells:

 Spells                   Type           Power      Damage    Failure   Level
 Beastly Appendage        Tmut           0%         N/A       86%         1


Dungeon Overview and Level Annotations

Branches:
Dungeon (4/15)
 Temple: D:4-7

Altars:
Cheibriados
Vehumet


Message History

Unknown command.
You hit something. Something hits you but does no damage.
Unknown command.
You miss something. Something hits you but does no damage.
Unknown command.
You completely miss something. Something hits you but does no damage.
The orc priest mumbles some strange prayers to Beogh against you.
Beogh smites you!
You hear some strange, mumbled words.
A puff of flame appears from out of thin air!
The puff of flame hits you!
Unknown command.
You barely miss something.
The orc throws a boomerang.
The boomerang closely misses you. Something hits you but does no damage.
You hit something. Something hits you but does no damage.
You miss something. Something hits you but does no damage.
The orc throws a boomerang.
The boomerang hits you but does no damage.
You barely miss something. Something hits you.
The orc priest mumbles some strange prayers to Beogh against you.
Beogh smites you!
* * * LOW HITPOINT WARNING * * *
You block something's attack.
You miss something.
You hear some strange, mumbled words.
A puff of flame appears from out of thin air!
The puff of flame hits you.
* * * LOW HITPOINT WARNING * * *
You slash something!
Reactivating autopickup.
You feel a bit more experienced.
You hit the orc.
The orc is severely wounded.
The orc barely misses you.
You hit the orc but do no damage.
The orc is severely wounded.
You block the orc's attack.
The orc priest calls down the wrath of Beogh upon you.
Beogh smites you!
You die...

.(# #..# #..#
#..# #..# ##
#..#
##...###..#
.....oo@).#
##...###.## ##
#.#.##### #>
#......#
#..###)....###
#.............
#..........###
#....#......$.
#........#####


You could see an orc priest and an orc.

Vanquished Creatures
  An orc priest (D:4)
  A hound (D:4)
  2 orc wizards
  4 gnolls
  5 adders
  A worm (D:4)
  3 dart slugs
  8 orcs
  4 ball pythons
  7 endoplasms
  6 giant cockroaches
  5 goblins
  7 hobgoblins
  9 jackals
  12 kobolds
  2 quokkas
  3 bats
  A frilled lizard (D:2)
  10 rats
91 creatures vanquished.

Notes
Turn   | Place    | Note
-------+----------+-------------------------------------------
     0 | D:1      | SensoryNuts the Hill Orc Fighter began the quest for the
                  | Orb.
     0 | D:1      | Reached XP level 1. HP: 19/19 MP: 1/1
     1 | D:1      | Found a runed translucent door.
    24 | D:1      | Reached XP level 2. HP: 27/27 MP: 2/2
    69 | D:1      | Reached XP level 3. HP: 20/33 MP: 3/3
   915 | D:1      | Found a faded altar of an unknown god.
   923 | D:1      | Got Plato's Vellum of Shapes
  1275 | D:2      | Reached skill level 1 in Dodging
  1275 | D:2      | Reached XP level 4. HP: 30/40 MP: 4/4
  1599 | D:2      | Reached XP level 5. HP: 41/47 MP: 5/5
  2286 | D:3      | Found a radiant altar of Vehumet.
  2286 | D:3      | Found a snail-covered altar of Cheibriados.
  2353 | D:4      | Reached skill level 5 in Axes
  2807 | D:4      | Reached skill level 5 in Fighting
  2807 | D:4      | Reached XP level 6. HP: 53/56 MP: 6/6
  3002 | D:3      | Killed from afar by an orc priest

Illustrated notes

Levels and vault maps discovered:
D:1:      dpeg_arrival_caged_fury, layout_basic,
          shapermc_ecumenical_altar_rom_forum, chequers_serial_rivers_room_b
D:2:      wander_river, layout_loops_ring, minmay_tripent
D:3:      cheibrodos_thug_alley, layout_loops_ring,
          nicolae_overflow_hidden_temple, uniq_pargi
D:4:      layout_rooms, minmay_temple_entry_fiery, dreamdust_princess_bridge,
          uniq_pikel, uniq_blork_the_orc

Skill      XL: |  1  2  3  4  5 |
---------------+----------------+-----
Axes           | 3 4 5 |  5.7
Fighting       | 4 5 |  5.1
Dodging        | 1 |  1.4
Armour         | 4 |  4.4
Shields        | |  3.6

Action                   |  1- 3 |  4- 6 || total
-------------------------+-------+-------++-------
Melee: War axe           |   121 |   152 ||   273
  Use: Potion            |       |     1 ||     1
Armor: Scale mail        |    81 |    78 ||   159
Dodge: Dodged            |    59 |    58 ||   117
Block: Buckler           |    32 |    35 ||    67

Table legend: (Time is in decaauts)
 A = Elapsed time spent in this place.
 B = Non-inter-level travel time spent in this place.
 C = Inter-level travel time spent in this place.
 D = Time resting spent in this place.
 E = Time spent auto-exploring this place.
 F = Levels seen in this place.
 G = Mean time per level.
                   A        B        C        D        E       F      G
               +--------+--------+--------+--------+--------+-----+--------+
         Total |   3119 |   3092 |     27 |      0 |   2425 |   4 |  779.8 |
       Dungeon |   3119 |   3092 |     27 |      0 |   2425 |   4 |  779.8 |
               +--------+--------+--------+--------+--------+-----+--------+

Top non-repeatable levels by time:
     D:1: 1474 daAuts
     D:2: 908 daAuts
     D:4: 563 daAuts
     D:3: 172 daAuts
